 Dungeon Crawl Stone Soup version 0.13.1-2-gfb2c2b7 (webtiles) character file.

257 Lilouch the Poker (level 4, -2/37 HPs)
             Began as a Demonspawn Chaos Knight on Dec 9, 2013.
             Was a Plaything of Xom.
             Slain by a shadow (11 damage)
             ... summoned by the severe capriciousness of Xom
             ... on Level 3 of the Dungeon.
             The game lasted 00:09:07 (3406 turns).

Lilouch the Poker (Demonspawn Chaos Knight)         Turns: 3406, Time: 00:09:08

HP  -2/37        AC  5     Str 18      XL: 4   Next: 88%
MP   4/4         EV 11     Int 14      God: Xom
Gold 128         SH  0     Dex 12      Spells:  0 memorised,  3 levels left

Res.Fire  : . . .   See Invis. : .   n - +0 elf spear
Res.Cold  : . . .   Warding    : .   b - +2 leather armour
Life Prot.: . . .   Conserve   : .   (no shield)
Res.Poison: .       Res.Corr.  : .   (no helmet)
Res.Elec. : .       Clarity    : .   (no cloak)
Sust.Abil.: + .     Spirit.Shd : .   (no gloves)
Res.Mut.  : .       Stasis     : .   (no boots)
Res.Rott. : .       Flight     : .   (no amulet)
Saprovore : . . .                    t - ring of sustain abilities {unknown}
                                     d - +1 ring of evasion

@: mighty, slightly resistant to hostile enchantments, fairly stealthy
A: claws 1, nightstalker 1, powered by pain 1, +10% hp, slow healing 1, wild
magic 1
a: Renounce Religion


You were on level 3 of the Dungeon.
You worshipped Xom.
You were a very special plaything of Xom.
You were not hungry.

You visited 1 branch of the dungeon, and saw 3 of its levels.

You collected 108 gold pieces.

Inventory:

Hand weapons
 a - a +0,+0 spear of chaos {=f}
 g - a +0,+2 hand axe of venom (quivered)
 n - a +0,+0 elven spear (weapon)
Missiles
 o - 15 poisoned bolts
 x - 15 bolts
Armour
 b - a +2 leather armour (worn)
Comestibles
 c - 5 bread rations
 r - a meat ration
Scrolls
 e - a scroll of fog {unknown}
 f - a scroll of random uselessness {unknown}
 h - a scroll of amnesia {unknown}
 i - 2 scrolls of identify {unknown}
 j - a scroll of recharging {unknown}
 k - 6 scrolls of remove curse {unknown}
 l - 2 scrolls of teleportation {unknown}
 m - 3 scrolls of enchant armour {unknown}
 q - a scroll of enchant weapon II {unknown}
 y - a scroll of curse armour {unknown}
Jewellery
 d - a +1 ring of evasion (left claw)
 p - an uncursed ring of sustain abilities {unknown}
 t - a ring of sustain abilities (right claw) {unknown}
Potions
 s - a potion of curing {unknown}
 u - a potion of might {unknown}
 v - a potion of heal wounds {unknown}
 w - a potion of speed {unknown}
 z - a potion of confusion {unknown}
 A - a potion of brilliance {unknown}


   Skills:
 - Level 3.0 Fighting
 + Level 4.0 Polearms
 + Level 3.6 Armour
 - Level 0.8 Dodging


You had 3 spell levels left.
You didn't know any spells.

Dungeon Overview and Level Annotations

Branches:
Dungeon (3/27)

Altars:
Makhleb
Okawaru


Innate Abilities, Weirdness & Mutations

You have sharp fingernails.
You are slightly more attuned to the shadows.
You sometimes gain a little power by taking damage.
You are robust (+10% HP).
You heal slowly.
Your spells are a little harder to cast, but a little more powerful.


Message History

You struggle against the net.
The gnoll hits you. The shadow closely misses you.
You try to slip out of the net.
The gnoll hits you.
The shadow slips into darkness!
Deactivating autopickup; reactivate with Ctrl-A.
You slip out of the net!
The gnoll barely misses you.
The shadow strikes at you from the darkness!
* * * LOW HITPOINT WARNING * * *
Reactivating autopickup.
The gnoll picks up a throwing net [frayed].
The gnoll throws a throwing net.
The throwing net misses you.
You see here a throwing net.
The shadow slips into darkness!
Deactivating autopickup; reactivate with Ctrl-A.
The gnoll throws a throwing net [frayed].
The throwing net [frayed] misses you.
You see here a throwing net [frayed].
The shadow strikes at you from the darkness!
You die...
Xom chortles!

#......##..%#..##
.#......##...%..##
...#..##..##......##
...#..##..##...#....
..##..#..##..##...#....
....##..#..##..##...#....
#.....##..#..##.......#....
#.....##..#..##...##..#....
#.....##..@.......##..#....
#.....##.{........##..#....
#.....##.###......##.......
#.....##(# #......##.......
#...gg(g.# #.(....##.##....
#)....gg.# #....... . #....
#..g.##..###...... #....
#..#.##...........#..##....
#..#.##...........#..##....


You could see 3 gnolls.

Vanquished Creatures
  6 adders (D:2)
  A giant mite (D:3)
  A worm (D:3)
  4 giant geckos
  2 oozes
  An orc (D:3)
  11 bats
  2 giant cockroaches (D:2)
  A hobgoblin (D:1)
  8 kobolds
  5 giant newts
  8 goblins
  3 jackals (D:3)
  9 rats
62 creatures vanquished.

Vanquished Creatures (collateral kills)
  A giant newt (D:1)
1 creature vanquished.

Vanquished Creatures (others)
  A rat zombie (D:1)
1 creature vanquished.

Grand Total: 64 creatures vanquished

Notes
Turn   | Place    | Note
--------------------------------------------------------------
     0 | D:1      | Lilouch, the Demonspawn Chaos Knight, began the quest for the Orb.
     0 | D:1      | Reached XP level 1. HP: 16/16 MP: 1/1
    78 | D:1      | XOM: potion effect (invisibility)
   126 | D:1      | Gained mutation: You are slightly more attuned to the shadows. [demonic ancestry]
   126 | D:1      | Reached XP level 2. HP: 8/22 MP: 2/2
   430 | D:1      | XOM: harmless Tloc miscast
   526 | D:1      | XOM: summons 1 hostile demon
   527 | D:1      | Noticed a neqoxec
   531 | D:1      | HP: 1/22 [neqoxec[Xom] (11)]
   535 | D:1      | XOM: 2-stop teleportation journey
  1270 | D:2      | Gained mutation: You have sharp fingernails. [demonic ancestry]
  1270 | D:2      | Reached XP level 3. HP: 28/28 MP: 3/3
  1527 | D:2      | XOM: harmless Pois miscast
  1806 | D:2      | Found an iron altar of Okawaru.
  1851 | D:2      | XOM: give mutations
  1851 | D:2      | Gained mutation: You are robust (+10% HP). [Xom's mischief]
  1851 | D:2      | Gained mutation: Your spells are a little harder to cast, but a little more powerful. [Xom's mischief]
  1851 | D:2      | Gained mutation: You heal slowly. [Xom's mischief]
  1852 | D:2      | Gained mutation: You sometimes gain a little power by taking damage. [demonic ancestry]
  1852 | D:2      | Reached XP level 4. HP: 17/37 MP: 4/4
  2561 | D:3      | Found a burning altar of Makhleb.
  2746 | D:3      | XOM: medium Hex miscast
  3158 | D:3      | Reached skill level 4 in Polearms
  3210 | D:3      | XOM: 3-stop teleportation journey
  3393 | D:3      | XOM: medium Necr miscast
  3394 | D:3      | Noticed a shadow
  3406 | D:3      | Slain by a shadow

Action                   |  1- 3 |  4- 6 || total
-------------------------+-------+-------++-------
Melee: Spear             |   124 |   128 ||   252
       Hand axe          |    23 |       ||    23
 Stab: Invisible         |     3 |       ||     3
       Sleeping          |     3 |     4 ||     7
       Distracted        |     1 |       ||     1
